Cogmind - Beta 13 @@@ ROGUE MODE // 2024.08.01 @ 21:02:18 Player: CONM Result: Destroyed by S-10 Pest with Light Assault Rifle Performance ------------- Evolutions (1) 500 Regions Visited (3) 600 Robots Destroyed (31) 155 Value Destroyed (701) 701 Prototype IDs (4) 80 Alien Tech Used (0) 0 Bonus (11) 11 TOTAL SCORE: 2047 Bonus ------- High Alert Combat Kills 11 Cogmind --------- Core Integrity 0/400 Matter 300/300 Energy 99/100 System Corruption 1% Temperature Cool (2) Movement Hovering (56) Location -9/Mines Parts ------- > --- POWER (1) -------- (None) > --- PROPULSION (4) --- Hover Unit Hover Unit > --- UTILITY (2) ------ Medium Storage Unit > --- WEAPON (2) ------- (None) > --- INVENTORY (10) --- Ion Engine Large Storage Unit Weight Redist. System Visual Processing Unit Sensor Array Improved Terrain Scanner Shield Generator Peak State ------------ > --- POWER ------------ Ion Engine > --- PROPULSION ------- Aluminum Leg Aluminum Leg > --- UTILITY ---------- Small Storage Unit Seismic Detector > --- WEAPON ----------- Particle Gun Assault Rifle > --- INVENTORY -------- Ion Engine Hover Unit Large Storage Unit Visual Processing Unit Sensor Array Improved Terrain Scanner Small Laser Grenade Launcher [Rating: 9] Favorites ----------- Power Ion Engine Engine Ion Engine Propulsion Aluminum Leg Leg Aluminum Leg Hover Unit Hover Unit Utility Seismic Detector Device Seismic Detector Storage Small Storage Unit Weapon Assault Rifle Energy Gun Particle Gun Ballistic Gun Assault Rifle Launcher Grenade Launcher Build | -11 -10 -9 -9 ------- Run | Yrd Mat Mat Min Slots Evolved 2 | . . 2 . Power . | . . . . Propulsion 2 | . . 2 . Utility . | . . . . Weapon . | . . . . Parts Attached 29 | 7 10 12 . Power 4 | 1 1 2 . Engine 4 | 1 1 2 . Core . | . . . . Reactor . | . . . . Propulsion 8 | 2 2 4 . Treads . | . . . . Leg 6 | 2 2 2 . Wheel . | . . . . Hover 2 | . . 2 . Flight . | . . . . Utility 5 | 2 2 1 . Device 1 | 1 . . . Storage 4 | 1 2 1 . Processor . | . . . . Hackware . | . . . . Protection . | . . . . Artifact . | . . . . Weapon 12 | 2 5 5 . Energy Gun 3 | 1 2 . . Energy Cannon . | . . . . Ballistic Gun 6 | 1 2 3 . Ballistic Cannon . | . . . . Launcher 3 | . 1 2 . Special Weapon . | . . . . Impact Weapon . | . . . . Slashing Weapon . | . . . . Piercing Weapon . | . . . . Special Melee Weapon . | . . . . Unidentified Prototypes . | . . . . Parts Lost 13 | . 1 12 . Power 3 | . . 3 . Propulsion 5 | . 1 4 . Utility 1 | . . 1 . Weapon 4 | . . 4 . Highest Loss Streak 7 | . 1 7 . To Critical Strikes . | . . . . Average Slot Usage (%) 85 | . 99 57 33 Engine 10 | . 14 5 . Leg 24 | . 27 19 . Hover 1 | . . 2 22 Device 9 | . 14 2 . Storage 12 | . 14 11 11 Energy Gun 13 | . 20 . . Ballistic Gun 9 | . 7 15 . Naked Turns . | . . . . Heaviest Build 29 | 14 29 20 10 Greatest Support 40 | 20 20 40 12 Greatest Overweight (x) 4 | . 1 4 . Average Overweight (x) . | . . . . Largest Inventory Capacity 15 | 8 15 10 10 Average Capacity 8 | 6 8 9 10 Most Carried 10 | 2 8 10 7 Average Carried 7 | . 7 8 7 Final Capacity 10 | 8 8 10 10 Final Carried 8 | 2 8 7 7 Class Distribution -------------------- 78% | Mutant 21% | Scavenger-Mutant Dominant Class ---------------- Mutant | -10/Materials Mutant | -9/Materials Mutant | -9/Mines Resources | -11 -10 -9 -9 ----------- Run | Yrd Mat Mat Min Matter Collected 854 | 224 273 357 . Remotely . | . . . . Salvage Created 873 | 12 434 427 . Parts 71 | 4 25 42 . Haulers Intercepted 2 | . 1 1 . Recyclers Shooed . | . . . . Parts Field Recycled . | . . . . Retrieved Matter . | . . . . Parts Self-Destructed . | . . . . Prevented . | . . . . Kills | -11 -10 -9 -9 ------- Run | Yrd Mat Mat Min Combat Hostiles Destroyed 25 | . 9 16 . Guns 19 | . 7 12 . AOE 6 | . 2 4 . Classes Destroyed 8 | 1 4 3 . Worker 1 | . 1 . . Builder 1 | . . 1 . Tunneler 1 | 1 . . . Hauler 2 | . 1 1 . Watcher 1 | . 1 . . Swarmer 10 | . . 10 . Grunt 13 | . 9 4 . Sentry 2 | . . 2 . Best Kill Streak 6 | 1 3 6 . Combat Bots Only 5 | . 2 5 . Max Kills in Single Turn 2 | 1 1 2 . Gunslinging . | . . . . Exploded 1 | . 1 1 . Melee . | . . . . Uniques/NPCs Destroyed . | . . . . Combat | -11 -10 -9 -9 -------- Run | Yrd Mat Mat Min Hostile Shots Fired 226 | . 60 153 13 Missed 81 | . 24 52 5 Damage Taken 1668 | . 463 1142 63 Core 436 | . 35 353 48 Absorbed by Shields . | . . . . Core Remaining (%) 93 | 100 86 . . Volleys Fired 90 | 1 41 48 . Largest 2 | 2 2 2 . Hottest 115 | 60 115 50 . Shots Fired 164 | 2 82 80 . Gun 154 | 2 80 72 . Cannon . | . . . . Launcher 10 | . 2 8 . Special . | . . . . Kinetic 107 | 1 34 72 . Thermal 47 | 1 46 . . Explosive 10 | . 2 8 . Electromagnetic . | . . . . Robot Hit Streak 9 | 1 9 6 . Robot Miss Streak 4 | 1 3 4 . Penetration Max . | . . . . Secondary Targets . | . . . . Shots Hit Robots 98 | 1 54 43 . Core Hits 52 | 1 22 29 . Critical Kills . | . . . . Critical Parts Destroyed . | . . . . Critical Strikes 3 | . 3 . . Burn 3 | . 3 . . Melee Attacks . | . . . . Impact . | . . . . Slashing . | . . . . Piercing . | . . . . Sneak Attacks . | . . . . Combat Hostiles . | . . . . Follow-up Attacks . | . . . . Damage Inflicted 1650 | 11 792 847 . Guns 1271 | 11 708 552 . Cannons . | . . . . Explosions 378 | . 84 294 . Melee . | . . . . Ramming 1 | . . 1 . Kinetic 830 | 11 267 552 . Thermal 441 | . 441 . . Explosive 378 | . 84 294 . Electromagnetic . | . . . . Impact . | . . . . Slashing . | . . . . Piercing . | . . . . Highest Corruption 1 | . 1 1 1 Average Corruption 1 | . 1 1 1 Corruption Purged . | . . . . Corruption Blocked . | . . . . Effects 3 | . 3 . . Matter Fused 1 | . 1 . . Heat Flow Errors 2 | . 2 . . Overload Shots . | . . . . Overflow Damage 9 | . . 9 . Projectiles . | . . . . Explosions 9 | . . 9 . Melee . | . . . . Knockbacks . | . . . . Impact . | . . . . Kinetic . | . . . . Secondary . | . . . . Self-Inflicted Damage 109 | . 33 76 . Shots 5 | . 2 3 . Rammed 1 | . . 1 . Targets Rammed 1 | . . 1 . Kicked . | . . . . Crushed . | . . . . Highest Temperature 360 | . 360 14 . Average Temperature 106 | . 109 4 . Received Heat Transfer 477 | . 237 240 . Siege Activations . | . . . . Robots Corrupted . | . . . . Combat Hostiles . | . . . . Parts Fried . | . . . . Impact Corruptions . | . . . . Robots Melted . | . . . . Combat Hostiles . | . . . . Parts Melted 5 | . 5 . . Heat Transferred 1382 | . 1382 . . Parts Sabotaged . | . . . . Parts Stolen . | . . . . Parts Stripped . | . . . . Power Chain Reactions . | . . . . Alert | -11 -10 -9 -9 ------- Run | Yrd Mat Mat Min Peak Influence 419 | 5 176 419 123 Initial 108 | . 3 37 108 Average 101 | 1 48 220 122 Maximum Alert Level 2 | . . 2 . Low Security (%) 75 | 100 100 20 100 Level 1 23 | . . 75 . Level 2 1 | . . 3 . Level 3 . | . . . . Level 4 . | . . . . Level 5 . | . . . . High Security . | . . . . Max Security . | . . . . Squads Dispatched 3 | . 2 1 . Investigation 1 | . 1 . . Extermination . | . . . . Reinforcement 2 | . 1 1 . Assault . | . . . . Garrison . | . . . . Intercept . | . . . . Searches Triggered . | . . . . Construction Impeded . | . . . . Haulers Reinforced . | . . . . Active Scanning Responses . | . . . . Cargo Convoy Interrupts . | . . . . Stealth | -11 -10 -9 -9 --------- Run | Yrd Mat Mat Min Distress Signals 1 | . . 1 . Communications Jammed . | . . . . Distress Signals . | . . . . Times Spotted 42 | . 17 22 3 Peak Tracking Total 5 | . 4 5 3 Tactical Retreats 5 | . 1 4 . Traps | -11 -10 -9 -9 ------- Run | Yrd Mat Mat Min Traps Triggered 4 | . 2 2 . Indirectly . | . . . . Trap Hack Attempts . | . . . . Triggered . | . . . . Disarmed . | . . . . Reprogrammed . | . . . . Reused . | . . . . Traps Extracted . | . . . . Installed . | . . . . Triggered . | . . . . Machines | -11 -10 -9 -9 ---------- Run | Yrd Mat Mat Min Machines Disabled 2 | . 2 . . Max in Single Turn 1 | . 1 . . Machines Repaired . | . . . . Machines Dismantled . | . . . . Machines Sabotaged . | . . . . Overloaded Fab Kills . | . . . . Hacking | -11 -10 -9 -9 --------- Run | Yrd Mat Mat Min Machines Accessed 10 | . 7 3 . Terminals 8 | . 5 3 . Fabricators . | . . . . Repair Stations . | . . . . Recycling Units 2 | . 2 . . Scanalyzers . | . . . . Garrison Access . | . . . . Total Hacks 24 | . 14 10 . Successful 13 | . 6 7 . Failed 11 | . 8 3 . Catastrophic 3 | . 3 . . Database Lockouts . | . . . . Manual 9 | . 7 2 . Terminals 20 | . 10 10 . Fabricators . | . . . . Repair Stations . | . . . . Recycling Units 4 | . 4 . . Scanalyzers . | . . . . Garrison Access . | . . . . Terminal Hacks 9 | . 3 6 . Record 1 | . . 1 . Prototype ID Bank 2 | . 1 1 . Maintenance Status 1 | . . 1 . Transport Status 1 | . . 1 . Hauler Manifests 1 | . . 1 . Registered Components 1 | . 1 . . Zone Layout 2 | . 1 1 . Fabricator Hacks . | . . . . Repair Station Hacks . | . . . . Recycling Unit Hacks 2 | . 2 . . Report Inventory 2 | . 2 . . Scanalyzer . | . . . . Garrison Access Hacks . | . . . . Unauthorized Hacks 2 | . 1 1 . Terminals 2 | . 1 1 . Botnet 2 | . 1 1 . Fabricators . | . . . . Repair Stations . | . . . . Recycling Units . | . . . . Scanalyzers . | . . . . Garrison Access . | . . . . Data Cores Recovered . | . . . . Used . | . . . . Hacking Detections 9 | . 6 3 . Full Trace Events 1 | . 1 . . Feedback Events . | . . . . Feedback Blocked . | . . . . Robot Schematics Acquired . | . . . . Robots Built . | . . . . Authchips . | . . . . Time . | . . . . Total Robot Build Rating . | . . . . Part Schematics Acquired . | . . . . Parts Built . | . . . . Authchips . | . . . . Time . | . . . . Total Part Build Rating . | . . . . Parts Repaired . | . . . . Time . | . . . . Parts Recycled . | . . . . Recycled Matter . | . . . . Retrieved Matter . | . . . . Retrieved Components . | . . . . Parts Scanalyzed . | . . . . Part Schematics Acquired . | . . . . Parts Damaged . | . . . . Bothacking | -11 -10 -9 -9 ------------ Run | Yrd Mat Mat Min Used RIF Installer . | . . . . Robots Hacked . | . . . . Non-combat . | . . . . Combat . | . . . . Robot Hacks Applied . | . . . . Relay Couplers Released . | . . . . Fabnet Peak Effective % . | . . . . Robots Rewired . | . . . . Allies Hacked . | . . . . Hacks Repelled . | . . . . Allies | -11 -10 -9 -9 -------- Run | Yrd Mat Mat Min Total Allies . | . . . . Largest Group . | . . . . Highest-Rated Group . | . . . . Highest-Rated Ally . | . . . . Total Orders . | . . . . Ally Attacks . | . . . . Total Damage . | . . . . Kills . | . . . . Allies Corrupted . | . . . . Allies Melted . | . . . . Intel | -11 -10 -9 -9 ------- Run | Yrd Mat Mat Min Robot Analysis Total . | . . . . Derelict Logs Recovered . | . . . . Drone Launches . | . . . . Drone Recoveries . | . . . . Exploration | -11 -10 -9 -9 ------------- Run | Yrd Mat Mat Min Turns Passed 1773 | 82 1117 557 17 Spaces Moved 1034 | 59 571 374 30 Core 22 | 5 . 17 . Treads . | . . . . Legs 878 | 54 571 253 . Wheels . | . . . . Hover 134 | . . 104 30 Flight . | . . . . Fastest Speed 50 | 50 120 56 56 Average Speed 113 | 114 121 106 56 Slowest Speed 250 | 120 190 250 56 Overloaded Moves . | . . . . Propulsion Burnouts . | . . . . Robots Hopped . | . . . . Cave-ins Triggered . | . . . . Exploration Rate (%) 30 | 4 73 31 14 Regions Visited 3 Branch Regions 1 Pre-discovered Areas . | . . . . Known Exits Taken . | . . . . Unknown Exits Taken 3 | 1 1 1 . Scrap Searched . | . . . . Spaces Dug . | . . . . Terrain Destroyed 54 | . 8 46 . Melee . | . . . . Projectile . | . . . . AOE 54 | . 8 46 . Terrain Rammed . | . . . . Walls Destroyed . | . . . . Machines Disabled . | . . . . Actions | -11 -10 -9 -9 --------- Run | Yrd Mat Mat Min Total 1462 | 68 914 450 30 Wait 287 | . 277 10 . Move 1031 | 58 570 373 30 Hop . | . . . . Pick Up 14 | 2 8 4 . Fast Attach 15 | 7 4 4 . Attach 4 | . . 4 . Detach . | . . . . Swap 10 | . 6 4 . Drop 10 | . 8 2 . Fire 90 | 1 41 48 . Melee . | . . . . Ram 1 | . . 1 . Kick . | . . . . Crush . | . . . . Escape Stasis . | . . . . Rewire . | . . . . Trap . | . . . . Miscellaneous . | . . . . Route ------- -11/Scrapyard -10/Materials (discovered 3 exits: *Mat x2 / [*Min]) -9/Materials -9/Mines History --------- Turn | Location | Event 10 | -11/Scrapyard | Discovered new exit (range 14) 83 | -11/Scrapyard | Entered Materials 306 | -10/Materials | Build established: Mutant 460 | -10/Materials | Discovered new exit (range 16) 577 | -10/Materials | Discovered new exit (range 14) 1086 | -10/Materials | Discovered new exit (range 15) 1200 | -10/Materials | Entered another Materials area 1200 | -9/Materials | Evolved 2 slots: Propulsion x2 1242 | -9/Materials | Discovered new exit (range 16) 1344 | -9/Materials | Lost 3 parts (1p1u1w) 1677 | -9/Materials | Core integrity fell below 50% 1698 | -9/Materials | Core integrity fell below 20% 1700 | -9/Materials | Lost 7 parts (2p2n3w) 1757 | -9/Materials | Entered Mines 1774 | -9/Mines | Destroyed by S-10 Pest with Light Assault Rifle Last Messages --------------- 01657_ Critical hit (Burn: +37). 01658_ K-01 Serf collects debris. 01659_ Acquired 34 matter. 01660_ K-01 Serf destroyed. 01660_ Ion Engine destroyed. 01662_ R-06 Scavenger collects Lgt. Assault Rifle. 01663_ Acquired Lgt. Ion Engine. 01665_ Slammed into Y-45 Defender. 01667_ Acquired 18 matter. 01669_ Lgt. Ion Engine destroyed. 01682_ Triggered EMP Trap. 01682_ A bubble of electromagnetic force engulfs the area. 01684_ Triggered EMP Trap. 01684_ A bubble of electromagnetic force engulfs the area. 01684_ R-06 Scavenger collects Lgt. Ion Engine. 01687_ R-06 Scavenger collects Flight Unit. 01687_ U-05 Engineer lays Concrete. 01728_ Acquired 29 matter. LOCATION=UNKNOWN GOAL=ESCAPE Map ----- +----------------------------------------------------+ | ?????????????????????????????????????????? | | ?????????????????????????????????????????? | | ?????????????????????????????????????????? | | ?????????????????????????????????????????? | | ?????????????????????????????????????????? | | ?????????????????????????????????????????? | | ?????????????????????????????????????????? | | ?????????????????????????????????????????? | | ?????????????????????????????????????????? | | ?????????????????????????????????????????? | | ?????????????????????????????????????????? | | ?????????????????????????????????????????? | | ????????????????????????????? #??????????? | | ????????????????????????????? #??????????? | | ????????????????????????????? #??????????? | | ???????????????????????????? #??????????? | | ???????????????????????????# #??????????? | | ???????????????????????????# #??????????? | | ??????????????????????????## ##?????????? | | ??????????????????????????# ##????????? | | ?????????????????????????## ###??????? | | ????????????????????????## ##?????? | | ????????????????????????# ##????? | | ??????????????"""k####### ##???? | | ??????????????""" #???? | | ??????????????""" t@ #???? | | ??????????????""" # ##### #????? | | ????????????????????????# ##????? | | ????????????????????????# ##?????? | | ????????????????????????# s ##??????? | | ????????????????????????# s #???????? | | ???????????????????????## s# #???????? | | ???????????????????????# ## #???????? | | ???????????????????????# ## #???????? | | ???????????????????????# ### #???????? | | ??????????????????????# ##?# ###?????? | | ??????????????????????# ##??# #?????? | | ??????????????????????#####???#### #?????? | | ?????????????????????????????????# #?????? | | ?????????????????????????????????# #?????? | | ??????????????????????##########?# #?????? | | ??????????????????????# #?# #?????? | | ??????????????????????# ### #?????? | | ??????????????????????# #?????? | | ??????????????????????# #?????? | | ??????????????????????# #####?????? | | ??????????????????????# #?????????? | | ??????????????????????# #?????????? | | ??????????????????????# #?????????? | | ??????????????????????##########?????????? | +----------------------------------------------------+ Best States ------------- Heat Dissipation 28 Energy Generation 10 Energy Capacity 250 Matter Stores 300 Matter Capacity 300 Sight Range 16 Terrain Scan Density 10 Evasion (%) 55 Item Schematics ----------------- None Robot Schematics ------------------ None Fabricated ------------ Nothing Alien Tech Used ----------------- None Achievements -------------- None Challenges ------------ None Game ------ Seed FusionGatlingBarrier Manual? 0 Play Time 00:20:10 Cumulative 53.3 hours Start 2024.08.01 @ 20:23:12 End 2024.08.01 @ 21:02:18 Sessions 1 Manual Loads 0 Difficulty Rogue Special Mode None Game No. 78 Rogue 78 Adventurer 0 Explorer 0 Win Type - Total 0 Types 0/0/0/0/0/0/0/0/0 Lore% 27 Gallery% 33 Achievement% 35 Wizard Run 0 Options --------- Layout 0 ASCII 0 Keyboard 0 Movement Arrows Keybinds 0 Fullscreen 2 Font 18/SmallcapsGlow Map View 76x50 Zoom Use 0% Tactical HUD 1 Map Filters NONE Filters NONE Steam 1 RUN: 71b9e56d-8d98-4774-b5e5-cfe865d69d61